Map: Submarine LE

Players

erunky

  • Race: Terran Terran
  • League: Diamond
  • Spawn Location: 11:00

Nee - Winner!

  • Race: Protoss Protoss
  • League: Gold
  • Spawn Location: 5:00

VOD

Have the link to the VOD?

Description

Time

  • Played on: Sept. 23, 2020, 11:16 a.m.
  • Length: 9:58
Show
View Real Time Build Order
Export as new Build Order

erunky Terran 

Build Orders: Reaper Expand 

Get SALT Encoding   

  12  0:01  SCV  
  13  0:13  SCV  
  14  0:20  Supply Depot  
  14  0:26  SCV  
  15  0:42  SCV  
  16  0:43  Barracks  
  16  0:46  Refinery  
  16  0:54  SCV  
  17  1:06  SCV  
  18  1:18  SCV  
  19  1:31  Orbital Command, Reaper  
  20  1:43  Command Center  
  20  1:50  Refinery  
  20  1:58  SCV  
  21  2:04  Barracks Reactor  
  21  2:10  SCV  
  21  2:11  Supply Depot  
  22  2:20  Factory  
  22  2:22  SCV  
  23  2:39  SCV  
  23  2:42  Marine x2  
  26  2:48  Bunker  
  26  2:52  SCV  
  26  2:57  Orbital Command  
  27  3:04  SCV  
  28  3:08  Starport  
  28  3:13  Hellion  
  28  3:15  Barracks Tech Lab  
  28  3:16  Hellion  
  32  3:22  SCV  
  32  3:24  SCV  
  34  3:38  SCV x2  
  34  3:40  Hellion x2  
  39  3:45  Stimpack  
  39  3:49  Medivac  
  39  3:50  SCV x2  
  43  3:57  Supply Depot  
  43  4:09  SCV x2  
  45  4:16  Factory Tech Lab  
  45  4:20  Barracks  
  45  4:21  SCV x2, Barracks  
  45  4:22  Starport Reactor, Barracks  
  47  4:27  Refinery  
  47  4:31  Supply Depot  
  47  4:33  SCV x2  
  49  4:45  SCV x2  
  51  4:47  Marauder  
  47  5:06  Siege Tank  
  48  5:09  Medivac x2  
  48  5:10  Barracks Tech Lab  
  48  5:11  Barracks Reactor  
  52  5:16  Engineering Bay  
  52  5:26  Supply Depot  
  52  5:27  Marine x2, Marauder  
  56  5:31  Combat Shield  
  56  5:32  Concussive Shells  
  56  5:34  Command Center, Marauder  
  58  5:41  Siege Tank  
  61  5:45  Marine  
  61  5:47  Marine x2  
  64  5:53  Supply Depot  
  64  5:56  Refinery  
  64  5:57  Supply Depot, SCV x2  
  66  6:04  Supply Depot  
  66  6:06  Liberator  
  69  6:19  Siege Tank  
  69  6:24  SCV x2  
  69  6:25  Marine, Marauder  
  76  6:26  Marine x2, Marauder  
  81  6:32  Refinery  
  81  6:33  Barracks, Terran Infantry Weapons Level 1  
  81  6:36  SCV  
  82  6:51  Orbital Command  
  82  6:52  Command Center  
  82  6:56  Liberator  
  85  7:08  Missile Turret x2  
  85  7:13  Siege Tank, Marine  
  85  7:14  Marine x4  
  93  7:16  SCV  
  93  7:17  SCV  
  95  7:32  Barracks Reactor  
  95  7:33  Liberator  
  98  7:39  Supply Depot x2  
  98  7:40  Supply Depot  
  98  7:42  Liberator  
  98  7:43  SCV  
  98  7:44  SCV x2  
  104  7:47  Marine x2  
  106  7:56  SCV x2  
  108  7:59  Sensor Tower  
  108  8:05  SCV  
  109  8:07  Marauder  
  109  8:08  SCV x2  
  109  8:09  Marauder  
  115  8:17  SCV  
  116  8:20  Starport, SCV  
  62  9:00  Liberator x2  
  62  9:01  Marine x2, Marauder  
  62  9:02  Marine x4, Marauder  
  65  9:19  Marine x6  
  65  9:23  Marauder x2  
  75  9:37  Marine  
  75  9:38  Marine  
Show
View Real Time Build Order
Export as new Build Order

Nee Protoss - Winner!

Build Orders: 1 Gate Expand, Colossus Rush 

Get SALT Encoding   

  12  0:00  Probe  
  13  0:12  Probe  
  14  0:18  Pylon  
  14  0:24  Probe (Chrono Boost)  
  15  0:37  Gateway, Probe (Chrono Boost)  
  16  0:45  Probe (Chrono Boost)  
  16  0:46  Assimilator  
  17  0:51  Probe  
  18  1:03  Probe  
  19  1:15  Probe  
  20  1:24  Cybernetics Core  
  20  1:32  Nexus  
  20  1:36  Pylon  
  20  1:39  Probe  
  21  1:45  Assimilator  
  21  1:51  Probe  
  22  1:58  Stalker (Chrono Boost)  
  24  2:02  Warp Gate  
  24  2:03  Probe  
  25  2:15  Shield Battery, Probe  
  25  2:20  Sentry (Chrono Boost)  
  28  2:28  Probe  
  28  2:43  Probe (Chrono Boost)  
  28  2:44  Probe (Chrono Boost)  
  30  2:48  Stalker  
  32  2:53  Robotics Facility, Probe (Chrono Boost)  
  32  2:55  Probe (Chrono Boost)  
  34  2:58  Probe (Chrono Boost)  
  34  3:04  Probe  
  36  3:08  Pylon  
  36  3:10  Probe  
  37  3:16  Probe  
  38  3:22  Probe  
  39  3:28  Probe  
  40  3:34  Probe  
  40  3:40  Probe  
  42  3:41  Pylon  
  42  3:42  Observer  
  42  3:43  Assimilator  
  42  3:46  Probe  
  42  3:48  Assimilator  
  44  3:49  Robotics Bay  
  44  3:50  Gateway  
  44  3:53  Probe (Chrono Boost)  
  44  3:54  Gateway  
  45  3:58  Probe (Chrono Boost)  
  46  4:05  Probe (Chrono Boost)  
  48  4:10  Probe (Chrono Boost)  
  48  4:13  Probe (Chrono Boost)  
  48  4:15  Probe (Chrono Boost)  
  50  4:19  Probe  
  50  4:21  Robotics Facility  
  50  4:23  Robotics Facility  
  51  4:32  Pylon  
  51  4:34  Warp Prism  
  51  4:37  Pylon  
  53  4:39  Pylon  
  53  4:41  Sentry  
  53  4:43  Probe  
  53  4:44  Probe  
  57  4:56  Probe x2  
  56  5:08  Probe x2  
  58  5:20  Colossus, Probe x2  
  58  5:21  Colossus  
  66  5:22  Colossus  
  78  5:29  Pylon  
  78  5:30  Pylon  
  78  5:32  Probe  
  78  5:33  Pylon  
  79  5:36  Pylon  
  79  5:58  Zealot x3  
  85  6:07  Pylon  
  85  6:12  Shield Battery  
  85  6:16  Colossus x2  
  85  6:17  Colossus  
  103  6:23  Pylon  
  103  6:25  Pylon  
  103  6:27  Pylon  
  103  6:35  Zealot  
  103  6:36  Zealot x2  
  109  7:01  Zealot x3  
  115  7:07  Colossus x2 (Chrono Boost)  
  115  7:08  Colossus (Chrono Boost)  
  133  7:16  Probe  
  133  7:17  Probe  
  135  7:24  Stalker x2  
  135  7:25  Stalker  
  141  7:43  Nexus  
  141  7:52  Stalker  
  141  7:53  Stalker x2  
  147  7:59  Pylon  
  147  8:14  Pylon  
  147  8:17  Pylon  
  147  8:19  Stalker x3  
  141  8:39  Immortal x3 (Chrono Boost)  
  123  8:47  Stalker x2  
  129  9:11  Stalker x3  
  129  9:15  Probe x2 (Chrono Boost)  
  138  9:21  Probe (Chrono Boost)  
  140  9:25  Probe x2 (Chrono Boost)  
  140  9:29  Probe (Chrono Boost)  
  140  9:30  Probe (Chrono Boost)  
  137  9:34  Stalker x3  
  142  9:40  Probe  
Tags
 
Add a new tag
Caveats
  • Supply blocks, unpowered buildings, or Contaminate may cause inaccurate times.
  • Supply counts are checked every 10 seconds.